 Dungeon Crawl Stone Soup version 0.21.1-1-g345015fe64 (webtiles) character file.

517 Gargoyl the Skirmisher (level 7, -5/60 HPs)
             Began as a Centaur Abyssal Knight on Mar 7, 2018.
             Was a Priest of Lugonu.
             Slain by a sky beast (6 damage)
             ... on level 3 of the Dungeon.
             The game lasted 00:08:12 (4221 turns).

Gargoyl the Skirmisher (Centaur Abyssal Knight)     Turns: 4221, Time: 00:08:13

Health: -5/60      AC: 10    Str: 14      XL:     7   Next: 0%
Magic:  10/10      EV:  4    Int: 11      God:    Lugonu [***...]
Gold:   249        SH:  0    Dex: 10 (11) Spells: 6/6 levels left

rFire    . . .     SeeInvis .   a - +2 hand axe
rCold    . . .     Gourm    .   (no shield)
rNeg     . . .     Faith    .   m - +0 chain mail
rPois    .         Spirit   .   (no helmet)
rElec    .         Reflect  .   h - +0 cloak
rCorr    .         Harm     .   l - +0 pair of gloves
MR       .....                  (no barding)
Stlth    ..........             (no amulet)
HPRegen  0.20/turn              (no ring)
MPRegen  0.12/turn              (no ring)

@: very quick
A: large, hooves 3, deformed body, deterioration 1, speed 2, high mp 1, tough
skin 3, MP-powered wands
a: Depart the Abyss, Bend Space, Banish, Renounce Religion


You were on level 3 of the Dungeon.
You worshipped Lugonu.
Lugonu was most pleased with you.
You were not hungry.

You visited 1 branch of the dungeon, and saw 4 of its levels.
You visited the Abyss 1 time.
You also visited: Sewer.

You collected 249 gold pieces.

Inventory:

Hand Weapons
 a - a +2 hand axe (weapon)
Armour
 h - a +0 cloak (worn)
 l - a +0 pair of gloves (worn)
 m - a +0 chain mail (worn)
Wands
 r - a wand of paralysis (9)
Scrolls
 f - 2 scrolls of remove curse
 i - 4 scrolls of identify
 o - 4 scrolls of teleportation
 p - a scroll of noise {unknown}
Potions
 b - a potion of brilliance
 d - 3 potions of lignification
 e - a potion of curing
 g - a potion of ambrosia
 k - a potion of might
 n - 3 potions of flight
Comestibles
 c - 9 rations
 j - 4 chunks of flesh


   Skills:
 + Level 4.5 Fighting
 + Level 3.8 Axes
 * Level 3.3 Armour
 + Level 1.1 Dodging
 * Level 3.6 Invocations


You had 6 spell levels left.
You didn't know any spells.

Dungeon Overview and Level Annotations

Branches:
Dungeon (4/15)
 Temple: D:4-7

Altars:


Innate Abilities, Weirdness & Mutations

You have hooves in place of feet.
Armour fits poorly on your strangely shaped body.
You cover ground very quickly.
You have extremely tough skin. (AC +3)
Your body sometimes deteriorates upon taking damage.
You have an increased reservoir of magic. (+10% MP)
You expend magic power (3 MP) to strengthen your wands.


Message History

The orc priest hits you but does no damage.
The sky beast barely misses you.
Press: ? - help, Shift-Dir - straight line, f/p - orc priest
Aim: an orc priest, wielding a dagger and wearing a chain mail (moderately wounded, chance to defeat MR: 82%)
You fail to use your ability.
The orc priest invokes the aid of Beogh against you.
Beogh smites you!
* * * LOW HITPOINT WARNING * * *
The sky beast hits you.
* * * LOW HITPOINT WARNING * * *
The sky beast shocks you.
* * * LOW HITPOINT WARNING * * *
Press: ? - help, Shift-Dir - straight line, f/p - orc priest
Aim: an orc priest, wielding a dagger and wearing a chain mail (moderately wounded, chance to defeat MR: 82%)
You fail to use your ability.
The orc priest hits you but does no damage.
The sky beast hits you.
* * * LOW HITPOINT WARNING * * *
The sky beast shocks you.
You die...

# #....#.#.....# #.# #
#####.....###.# #.##
###.....#.### #.# #..#
#...###.#..## #.# ##.#
..#.........# #.# #.#
............###.####.#
.#.....>....##.....#.#
##.###.........Y.....#
##..#...........@....#
##.#...........o....####
#.#...................#
#..................##.#
##.................##(#
##..................##.###
##..#...............#...).#
.#.##.#.....##.....##.....#
...##...##...#####.##.....#


You could see a sky beast and an orc priest.

Vanquished Creatures
  2 iron imps (Abyss:1)
  2 orc wizards (D:3)
  Crazy Yiuf (D:2)
  An orc priest (D:3)
  Natasha (D:3)
  A merfolk avatar (Sewer)
  A merfolk siren (Sewer)
  10 adders
  4 river rats
  6 worms
  A dart slug (D:1)
  4 leopard geckos
  9 orcs
  6 ball pythons (Sewer)
  6 giant cockroaches
  7 goblins
  8 hobgoblins
  14 jackals
  A quokka (D:2)
  8 bats
  6 frilled lizards
  6 kobolds
  32 rats
137 creatures vanquished.

Notes
Turn   | Place    | Note
-------+----------+-------------------------------------------
     0 | Abyss:1  | Gargoyl the Centaur Abyssal Knight began the quest for the Orb.
     0 | Abyss:1  | Reached XP level 1. HP: 19/19 MP: 2/2
   133 | Abyss:1  | Noticed an iron imp
   141 | Abyss:1  | Killed an iron imp
   141 | Abyss:1  | Reached XP level 2. HP: 13/27 MP: 3/3
   141 | Abyss:1  | Reached XP level 3. HP: 15/33 MP: 4/4
   162 | Abyss:1  | Reached skill level 4 in Fighting
   171 | Abyss:1  | Noticed a vampire
   204 | Abyss:2  | Found a corrupted altar of Lugonu.
   204 | Abyss:2  | Noticed a large abomination
   215 | Abyss:2  | Noticed a rakshasa
   242 | Abyss:2  | Noticed a thrashing horror
   245 | D:1      | Escaped the Abyss
   619 | D:1      | Reached XP level 4. HP: 32/40 MP: 5/5
   795 | D:1      | Reached * piety under Lugonu
  1832 | D:2      | Reached XP level 5. HP: 44/46 MP: 6/6
  1995 | D:2      | Gained mutation: You expend magic power (3 MP) to strengthen your wands. [potion of mutation]
  1995 | D:2      | Gained mutation: Your body sometimes deteriorates upon taking damage. [potion of mutation]
  1995 | D:2      | Gained mutation: You have an increased reservoir of magic. (+10% MP) [potion of mutation]
  2151 | D:2      | Found a runed door.
  2155 | D:2      | Noticed Crazy Yiuf
  2159 | D:2      | Killed Crazy Yiuf
  2159 | D:2      | Reached skill level 1 in Dodging
  2495 | D:3      | Reached ** piety under Lugonu
  2832 | D:3      | Found a glowing drain.
  2838 | Sewer    | Entered a sewer
  2957 | Sewer    | Reached XP level 6. HP: 50/53 MP: 9/9
  3301 | Sewer    | Reached *** piety under Lugonu
  3756 | D:3      | Noticed Natasha
  3764 | D:3      | Killed Natasha
  4201 | D:4      | Noticed a sky beast
  4203 | D:4      | Reached XP level 7. HP: 49/60 MP: 10/10
  4212 | D:4      | HP: 2/60 [orc/mace (3)]
  4221 | D:3      | HP: 1/60 [sky beast (3)]
  4221 | D:3      | Slain by a sky beast

Skill      XL: |  1  2  3  4  5  6 |
---------------+-------------------+-----
Axes           | 2 3 |  3.8
Fighting       | 4 |  4.5
Armour         | 2 3 |  3.3
Dodging        | 1 |  1.1
Invocations    | 3 |  3.6

Action                   |  1- 3 |  4- 6 |  7- 9 || total
-------------------------+-------+-------+-------++-------
Melee: Hand axe          |    26 |   319 |     8 ||   353
       Kick              |     4 |    63 |     2 ||    69
Invok: Depart the Abyss  |     1 |       |       ||     1
       Banish            |       |     1 |       ||     1
  Use: Scroll            |     2 |     7 |       ||     9
       Potion            |     2 |     2 |     2 ||     6
  Eat: Chunk             |       |    10 |       ||    10
Armor: Leather armour    |    14 |    41 |       ||    55
       Chain mail        |       |   182 |    38 ||   220
       Ring mail         |       |     2 |       ||     2
Dodge: Dodged            |    32 |   115 |     5 ||   152
